 Dungeon Crawl Stone Soup version 0.30.0-29-ga12c61a403 (webtiles) character file.

Game seed: 3723300982033098291

16 hawla the Firebug (level 2, 0/22 HPs)
             Began as a Deep Elf Fire Elementalist on June 7, 2023.
             Slain by a giant cockroach (1 damage)
             ... on level 2 of the Dungeon.
             The game lasted 00:01:08 (168 turns).

hawla the Firebug (Deep Elf Fire Elementalist)       Turns: 168, Time: 00:01:09

Health: 0/22       AC:  2    Str:  5    XL:     2   Next: 37%
Magic:  1/8        EV: 13    Int: 19    God:
Gold:   39         SH:  0    Dex: 15    Spells: 4/7 levels left

rFire   . . .        (no weapon)
rCold   . . .        (no shield)
rNeg    . . .        a - +0 robe
rPois   .            (no helmet)
rElec   .            (no cloak)
rCorr   .            (no gloves)
SInv    .            (no boots)
Will    .....        (no amulet) Stlth
                     (no ring)
HPRegen 0.23/turn    (no ring)
MPRegen 0.11/turn

%: no passive effects
@: berserking, very quick
A: no striking features
a: no special abilities


You were on level 2 of the Dungeon.
You visited 1 branch of the dungeon, and saw 2 of its levels.

You collected 39 gold pieces.

Inventory:

Armour
 a - a +0 robe (worn)
Scrolls
 e - a scroll of fear
Potions
 b - a potion of magic


   Skills:
 + Level 2.9 Dodging
 + Level 2.6 Stealth
 + Level 3.1 Spellcasting
 + Level 1.1 Conjurations
 + Level 3.7 Fire Magic


You had 4 spell levels left.
You knew the following spells:

 Your Spells              Type           Power      Damage    Failure   Level
a - Foxfire               Conj/Fire      48%        2x1d6     5%          1
b - Scorch                Fire           34%        2d6       4%          2

Your spell library contained the following spells:

 Spells                   Type           Power      Damage    Failure   Level
 Inner Flame              Hex/Fire       10%        N/A       22%         3
 Volatile Blastmotes      Fire/Tloc      20%        2d11      22%         3
 Flame Wave               Conj/Fire      12%        2d6       50%         4


Dungeon Overview and Level Annotations

Branches:
Dungeon (2/15)

Altars:


Message History

Nothing appears to happen.
The giant cockroach barely misses you. The jackal closely misses you.
The jackal bites you. The giant cockroach barely misses you.
The jackal closely misses you. The giant cockroach barely misses you.
You climb downwards.
The adder hisses angrily.
There is a stone staircase leading up here.
Casting: Foxfire (safe; 5% risk of failure)
Confirm with . or Enter, or press ? or * to list all spells.
You conjure some foxfire!
The jackal closely misses you. The giant cockroach bites you.
You hit the giant cockroach but do no damage.
The foxfire hits the dart slug.
The dart slug is moderately wounded.
The foxfire hits the jackal.
The jackal is almost dead.
The jackal closely misses you.
The giant cockroach bites you but does no damage.
The dart slug launches a dart at you. The slug dart hits you.
The jackal bites you.
* * * LOW HITPOINT WARNING * * *
Casting: Foxfire (safe; 5% risk of failure)
Confirm with . or Enter, or press ? or * to list all spells.
You conjure some foxfire!
The giant cockroach bites you but does no damage.
The jackal closely misses you. The dart slug barely misses you.
It was a potion of berserk rage.
A red film seems to cover your vision as you go berserk!
You feel yourself moving faster!
You feel mighty!
The foxfire hits the jackal.
You kill the jackal!
The foxfire hits the dart slug but does no damage.
The dart slug is moderately wounded.
The giant cockroach misses you. The giant cockroach closely misses you.
You closely miss the adder.
The dart slug bites you but does no damage.
The adder bites you.
* * * LOW HITPOINT WARNING * * *
Your magical contamination has completely faded away.
You closely miss the adder. The giant cockroach bites you.
You die...

#.#####
#..S@.#
#..wB.#
.........#
####.....#
#.....#
#.....#
#.....#
#.....#


You could see an adder, a dart slug and a giant cockroach.

Vanquished Creatures
  A gnoll (D:1)
  An endoplasm (D:1)
  A giant cockroach (D:1)
  A jackal (D:2)
  A frilled lizard (D:1)
  A rat (D:1)
6 creatures vanquished.

Vanquished Creatures (others)
  17 foxfires
17 creatures vanquished.

Grand Total: 23 creatures vanquished

Notes
Turn   | Place    | Note
-------+----------+-------------------------------------------
     0 | D:1      | hawla the Deep Elf Fire Elementalist began the quest for
                  | the Orb.
     0 | D:1      | Reached XP level 1. HP: 10/10 MP: 6/6
     1 | D:1      | Found a runed translucent door.
   124 | D:1      | Reached XP level 2. HP: 15/15 MP: 2/8
   127 | D:1      | Learned a level 2 spell: Scorch
   167 | D:2      | HP: 1/22 [adder (2)]
   168 | D:2      | Slain by a giant cockroach

Illustrated notes

Levels and vault maps discovered:
D:1:      dpeg_arrival_caged_fury, layout_loops_ring
D:2:      layout_rooms, dilly_ecumenical_altar_fadedgnrine, uniq_terence

Action                     || total
---------------------------++-------
  Melee: Unarmed           ||     3
   Cast: Foxfire           ||    10
    Use: Scroll            ||     2
         Potion            ||     1
 Armour: Robe              ||     4
  Dodge: Dodged            ||    15
